Map: Vereister Tempel

Players

Nebrot - Winner!

  • Race: Zerg Zerg
  • League: Bronze
  • Spawn Location: 5:00

Yoseph

  • Race: Terran Terran
  • League: Silver
  • Spawn Location: 11:00

VOD

Have the link to the VOD?

Description

Time

  • Played on: June 10, 2016, 5:59 p.m.
  • Length: 5:17
Show
View Real Time Build Order
Export as new Build Order

Nebrot Zerg - Winner!

Build Orders: Pool First 

Get SALT Encoding   

  12  0:02  Drone  
  13  0:13  Overlord  
  13  0:18  Drone  
  14  0:32  Drone x2  
  16  0:37  Drone  
  17  0:49  Spawning Pool  
  16  0:51  Drone  
  17  1:14  Hatchery  
  16  1:36  Queen  
  18  1:45  Drone  
  19  1:48  Hatchery  
  18  1:55  Zergling x4  
  20  2:05  Drone  
  21  2:11  Drone  
  22  2:25  Queen  
  24  2:30  Drone x2  
  24  2:36  Spine Crawler  
  25  2:38  Drone  
  25  2:39  Drone, Spine Crawler  
  25  2:42  Drone  
  27  2:55  Zergling x2  
  27  2:57  Overlord x2  
  28  3:02  Zergling x4  
  30  3:16  Queen  
  30  3:18  Zergling x8  
  36  3:27  Zergling x6  
  36  3:30  Drone  
  41  3:48  Zergling x6  
  41  3:49  Zergling x2  
  39  4:25  Overlord x2  
  39  4:26  Zergling x4  
  39  4:27  Zergling x18  
  50  4:33  Overlord  
  52  4:48  Zergling x2  
  52  4:49  Zergling x8  
  52  4:51  Zergling x2  
  58  4:54  Drone x3  
  58  4:55  Drone x2  
Show
View Real Time Build Order
Export as new Build Order

Yoseph Terran 

Build Orders:  

Get SALT Encoding   

  12  0:02  SCV  
  13  0:14  SCV  
  14  0:24  Supply Depot  
  14  0:27  SCV  
  15  0:45  SCV  
  16  0:54  Barracks  
  16  0:57  SCV  
  16  0:58  Supply Depot  
  17  1:09  SCV  
  18  1:21  SCV  
  19  1:32  Supply Depot  
  19  1:34  SCV  
  20  1:41  Supply Depot  
  20  1:46  SCV  
  21  1:51  Refinery  
  21  2:06  Barracks  
  21  2:07  Marine  
  22  2:12  SCV  
  23  2:24  SCV  
  24  2:31  Barracks  
  24  2:35  Marine  
  25  2:59  SCV  
  26  3:11  SCV  
  27  3:21  Command Center  
  27  3:26  Marine x2  
  29  3:44  Marine x2  
  30  3:52  Barracks Tech Lab  
  30  4:02  Marine x2  
  30  4:19  Marine, Marauder  
  30  4:20  Marine  
  34  4:25  SCV  
  35  4:37  Marine, SCV  
  35  4:38  Marine  
  38  4:40  Refinery  
  38  4:41  Marauder  
  40  4:46  SCV  
  40  4:49  SCV  
  42  4:55  Marine x2  
  42  4:58  SCV  
  45  5:01  SCV  
  45  5:02  Factory  
Tags
 
Add a new tag
Caveats
  • Supply blocks, unpowered buildings, or Contaminate may cause inaccurate times.
  • Supply counts are checked every 10 seconds.